Get step-by-step instructions on how to execute this build order below. Start the game timer, and the build order will tick by so you can play in parallel with StarCraft on a second screen or mobile device.

Game Time

  0:00

Last Step

  N/A

Next Step

Upcoming Step



Don't want to look back and forth between 2 screens? Try out our Overwolf App, the Spawning Tool Build Advisor to get an in-game overlay with this build!

Complete Build Order

  12  0:04  Probe (Chrono Boost)  
  14  0:21  Probe (Chrono Boost)  
  14  0:27  Pylon  
  14  0:38  Probe (Chrono Boost)  
  15  0:41  Assimilator  
  15  0:55  Probe (Chrono Boost)  
  16  1:04  Gateway  
  16  1:12  Probe (Chrono Boost)  
  17  1:29  Probe (Chrono Boost)  
  18  1:46  Probe (Chrono Boost)  
  19  1:56  Nexus  
  19  2:05  Probe (Chrono Boost)  
  20  2:15  Assimilator  
  20  2:22  Probe (Chrono Boost)  
  20  2:29  Pylon